Sabres vs Canadiens
Created - February 6, 2019 at 19:02
Goals
|
Sabres |
1 |
2 |
1 |
4 |
Canadiens |
1 |
1 |
1 |
3 |
|
Shots
|
Sabres |
8 |
7 |
10 |
25 |
Canadiens |
9 |
14 |
12 |
35 |
|
1st period
1. Sabres , Vincent Lecavalier 13 (Zack Kassian 24, Zach Bogosian 19) at 1:53
2. Canadiens , Sidney Crosby 23 (Alexander Frolov 24) at 2:09
Penalties :
Luke Schenn (Mon) for Roughing (Minor) at 4:18
2nd period
3. Canadiens , Steve Downie 13 (Luke Schenn 28) at 1:09
4. Sabres , Evander Kane 26 (Vincent Lecavalier 24, Ilya Kovalchuk 23) at 4:05
5. Sabres , Evander Kane 27 (Vincent Lecavalier 25, Zack Kassian 25) at 17:43 (PP)
Penalties :
Michael Kostka (Buf) for Slashing (Minor) at 14:09, Vitaly Vishnevsky (Mon) for Hooking (Minor) at 17:29
3rd period
6. Sabres , Vincent Lecavalier 14 (Ilya Kovalchuk 24) at 3:34
7. Canadiens , Luke Schenn 2 (Brock Nelson 4, Enver Lisin 12) at 10:50
Penalties :
Brad Richardson (Buf) for High sticking (Minor) at 1:13
Goalie Stats
Jonas Hiller (Buf), 32 saves from 35 shots - (0.914), W, 6-3-2, 60:00 minutes
Henrik Lundqvist (Mon), 21 saves from 25 shots - (0.840), L, 20-17-4, 60:00 minutes
Players Stats for Sabres
Player Name G A P +/- PIM S H SB GA TA FO MP PP MP PK MP
------------------------------------------------------------------------------------
Andrei Loktionov 0 0 0 -1 0 2 2 0 1 0 4/7 11:04 0:00 0:00
Brad Richardson 0 0 0 0 2 2 1 0 1 0 0/1 13:06 0:00 0:12
Brandon Sutter 0 0 0 0 0 2 0 0 0 0 2/9 13:13 0:00 2:14
Darcy Hordichuk 0 0 0 0 0 2 1 1 0 0 0/1 9:27 0:00 0:00
Darren Reid 0 0 0 0 0 0 0 4 0 0 0/0 11:41 0:00 2:14
Evander Kane 2 0 2 1 0 4 0 0 0 0 0/0 16:12 1:01 0:12
Ilya Kovalchuk 0 2 2 0 0 2 1 0 3 1 1/1 19:51 1:12 1:32
Jakub Kindl 0 0 0 1 0 0 1 0 0 0 0/0 17:09 0:00 0:33
Jared Cowen 0 0 0 1 0 2 1 1 0 0 0/0 19:59 1:06 2:13
Mathew Dumba 0 0 0 0 0 0 3 2 0 0 0/0 17:32 1:07 1:45
Matt Martin 0 0 0 -1 0 1 3 1 0 1 0/0 11:04 0:00 0:00
Michael Frolik 0 0 0 -1 0 2 1 0 1 0 1/2 17:57 1:12 0:00
Michael Kostka 0 0 0 0 2 0 1 6 0 1 0/0 15:25 1:07 0:37
Rob Scuderi 0 0 0 -1 0 1 2 1 0 0 0/0 22:50 0:00 0:35
Ryan O'Reilly 0 0 0 -1 0 1 2 0 0 0 13/24 19:09 1:12 0:00
Vincent Lecavalier 2 2 4 2 0 2 0 0 0 0 6/15 17:50 1:01 1:32
Zach Bogosian 0 1 1 -1 0 1 2 0 0 3 0/0 26:35 1:06 2:13
Zack Kassian 0 2 2 1 0 1 1 0 0 0 0/1 15:56 1:01 0:00
Players Stats for Canadiens
Player Name G A P +/- PIM S H SB GA TA FO MP PP MP PK MP
------------------------------------------------------------------------------------
Adam Pardy 0 0 0 0 0 1 0 0 0 0 0/0 14:28 0:00 1:19
Alexander Frolov 0 1 1 2 0 2 1 0 0 0 0/1 21:03 1:26 1:32
Brett Maclean 0 0 0 0 0 3 1 1 1 0 0/0 11:25 0:00 0:00
Brock Nelson 0 1 1 1 0 1 1 0 0 0 0/0 9:53 0:12 0:00
David Jones 0 0 0 0 0 0 2 0 0 0 0/0 12:16 0:07 0:41
Dustin Boyd 0 0 0 0 0 3 2 0 0 0 5/9 13:04 0:05 1:32
Enver Lisin 0 1 1 1 0 7 1 0 0 0 0/0 9:41 0:00 0:00
Evgeny Dadonov 0 0 0 -2 0 2 0 0 0 0 0/0 14:36 1:38 0:00
Frans Nielsen 0 0 0 -2 0 0 1 0 0 0 7/14 15:18 1:38 0:41
Greg Stewart 0 0 0 -3 0 1 1 0 3 0 0/1 16:57 2:20 0:00
Luke Schenn 1 1 2 0 2 3 0 1 0 1 0/0 27:25 2:32 0:14
Marcel Goc 0 0 0 1 0 1 1 0 0 0 3/6 9:41 0:00 0:00
Mark Stuart 0 0 0 0 0 0 1 1 1 1 0/0 18:42 1:26 1:15
Raphael Diaz 0 0 0 0 0 1 2 2 0 3 0/0 27:11 2:32 0:00
Shaone Morrisonn 0 0 0 0 0 1 1 0 0 1 0/0 14:48 0:00 1:38
Sidney Crosby 1 0 1 1 0 6 1 0 1 0 18/28 21:57 2:15 0:00
Steve Downie 1 0 1 1 0 2 2 1 0 0 1/2 21:55 2:13 0:00
Vitaly Vishnevsky 0 0 0 0 2 1 1 0 0 0 0/0 17:25 1:26 0:00
3 Stars
1 - Vincent Lecavalier (Buf)
2 - Evander Kane (Buf)
3 - Zack Kassian (Buf)
Power Play
Sabres - 1 on 2 Attempt(s) - 50.00%
Canadiens - 0 on 2 Attempt(s) - 0.00%
Penalty Kill
Sabres - 2 on 2 Attempt(s) - 100.00%
- Score 0 goal in Penalty Kill
Canadiens - 1 on 2 Attempt(s) - 50.00%
- Score 0 goal in Penalty Kill
Team Stat
Sabres - Hits : 22 - Faceoff Wins : 27 - Blocked Shots : 16 - Penalty Minutes : 4
Canadiens - Hits : 19 - Faceoff Wins : 34 - Blocked Shots : 6 - Penalty Minutes : 4
Official
Referees : Unknown
Linesman : Unknown
Game Notes
No Game Note
Finance
Level 1 -- Attendance: 5987 (99.78%) -- Ticket Income $538,830
Level 2 -- Attendance: 4331 (86.62%) -- Ticket Income $251,198
Level 3 -- Attendance: 1685 (84.25%) -- Ticket Income $64,030
Level 4 -- Attendance: 2989 (74.73%) -- Ticket Income $86,681
Luxury Box -- Attendance: 945 (94.50%) -- Ticket Income $138,915
Game was played at the Centre Bell.
Total Attendance: 15937 (88.54%)
Total Ticket Income: $1,079,654
Other Income: $161,948
Total Income: $1,241,602
Sabres
5 vs 5 Forward
Center Left Wing Right Wing Time % Phy DF OF
1 Ryan O'Reilly Ilya Kovalchuk Michael Frolik 35 0 1 4
2 Vincent Lecavalier Evander Kane Zack Kassian 30 1 1 3
3 Andrei Loktionov Matt Martin Brad Richardson 20 0 2 3
4 Brandon Sutter Darcy Hordichuk Darren Reid 15 0 2 3
5 vs 5 Defense
Defense Defense Time % Phy DF OF
1 Rob Scuderi Zach Bogosian 45 1 3 1
2 Jakub Kindl Jared Cowen 32 1 3 1
3 Michael Kostka Mathew Dumba 23 2 3 0
4 Michael Kostka Mathew Dumba 0 0 5 0
PowerPlay Forward
Center Left Wing Right Wing Time % Phy DF OF
1 Vincent Lecavalier Evander Kane Zack Kassian 50 0 0 5
2 Ryan O'Reilly Ilya Kovalchuk Michael Frolik 50 1 0 4
PowerPlay Defense
Defense Defense Time % Phy DF OF
1 Michael Kostka Mathew Dumba 50 1 1 3
2 Zach Bogosian Jared Cowen 50 1 1 3
Penalty Kill 4 Players Forward
Center Wing Time % Phy DF OF
1 Brandon Sutter Darren Reid 55 1 4 0
2 Vincent Lecavalier Ilya Kovalchuk 45 1 4 0
Penalty Kill 4 Players Defense
Defense Defense Time % Phy DF OF
1 Jared Cowen Zach Bogosian 55 1 4 0
2 Mathew Dumba Michael Kostka 45 1 4 0
Penalty Kill - 3 Players Forward
Forward Time % Phy DF OF
1 Brandon Sutter 60 0 5 0
2 Zack Kassian 40 0 5 0
Penalty Kill - 3 Players Defense
Defense Defense Time % Phy DF OF
1 Rob Scuderi Jared Cowen 60 1 4 0
2 Mathew Dumba Zach Bogosian 40 1 4 0
4 vs 4 Forward
Center Wing Time % Phy DF OF
1 Vincent Lecavalier Darren Reid 50 0 2 3
2 Ryan O'Reilly Zack Kassian 50 0 1 4
4 vs 4 Defense
Defense Defense Time % Phy DF OF
1 Michael Kostka Jared Cowen 50 0 4 1
2 Mathew Dumba Rob Scuderi 50 0 4 1
Last Minutes Offensive
Center Left Wing Right Wing Defense Defense
Ryan O'Reilly Evander Kane Michael Frolik Zach Bogosian Jared Cowen
Last Minutes Defensive
Center Left Wing Right Wing Defense Defense
Brandon Sutter Evander Kane Zack Kassian Zach Bogosian Jared Cowen
Goaltenders
Starting : Jonas Hiller
Backup : Robin Lehner
Extra Forwards
Normal : Brandon Sutter, Ryan O'Reilly, Brad Richardson - PP : Ilya Kovalchuk, Ryan O'Reilly - PK : Brad Richardson
Extra Defensemen
Normal : Zach Bogosian, Jared Cowen, Mathew Dumba - PP : Zach Bogosian - PK : Rob Scuderi, Jared Cowen
Penalty Shots
Evander Kane, Michael Frolik, Vincent Lecavalier, Ryan O'Reilly, Zack Kassian
Scratches
Kurtis Foster (Healthy), Nathan Paetsch (Healthy), Scottie Upshall (Healthy), Andrew MacDonald (Healthy)
Canadiens
5 vs 5 Forward
Center Left Wing Right Wing Time % Phy DF OF
1 Sidney Crosby Alexander Frolov Steve Downie 40 0 1 4
2 Frans Nielsen Greg Stewart Evgeny Dadonov 30 0 1 4
3 Dustin Boyd Brett Maclean David Jones 20 0 2 3
4 Marcel Goc Brock Nelson Enver Lisin 10 0 3 2
5 vs 5 Defense
Defense Defense Time % Phy DF OF
1 Luke Schenn Raphael Diaz 40 0 2 3
2 Vitaly Vishnevsky Mark Stuart 30 0 2 3
3 Adam Pardy Shaone Morrisonn 20 0 3 2
4 Luke Schenn Raphael Diaz 10 0 3 2
PowerPlay Forward
Center Left Wing Right Wing Time % Phy DF OF
1 Sidney Crosby Greg Stewart Steve Downie 60 0 0 5
2 Frans Nielsen Alexander Frolov Evgeny Dadonov 40 0 0 5
PowerPlay Defense
Defense Defense Time % Phy DF OF
1 Raphael Diaz Luke Schenn 60 0 1 4
2 Vitaly Vishnevsky Mark Stuart 40 0 1 4
Penalty Kill 4 Players Forward
Center Wing Time % Phy DF OF
1 Dustin Boyd Alexander Frolov 60 0 5 0
2 Frans Nielsen David Jones 40 0 5 0
Penalty Kill 4 Players Defense
Defense Defense Time % Phy DF OF
1 Shaone Morrisonn Luke Schenn 60 1 4 0
2 Adam Pardy Mark Stuart 40 1 4 0
Penalty Kill - 3 Players Forward
Forward Time % Phy DF OF
1 Dustin Boyd 60 0 5 0
2 Marcel Goc 40 0 5 0
Penalty Kill - 3 Players Defense
Defense Defense Time % Phy DF OF
1 Shaone Morrisonn Luke Schenn 60 0 5 0
2 Mark Stuart Adam Pardy 40 0 5 0
4 vs 4 Forward
Center Wing Time % Phy DF OF
1 Sidney Crosby Greg Stewart 60 0 2 3
2 Frans Nielsen Alexander Frolov 40 0 2 3
4 vs 4 Defense
Defense Defense Time % Phy DF OF
1 Vitaly Vishnevsky Mark Stuart 60 0 2 3
2 Luke Schenn Raphael Diaz 40 0 2 3
Last Minutes Offensive
Center Left Wing Right Wing Defense Defense
Sidney Crosby Greg Stewart Steve Downie Luke Schenn Raphael Diaz
Last Minutes Defensive
Center Left Wing Right Wing Defense Defense
Frans Nielsen Alexander Frolov David Jones Shaone Morrisonn Luke Schenn
Goaltenders
Starting : Henrik Lundqvist
Backup : Allen York
Extra Forwards
Normal : Sidney Crosby, Frans Nielsen, Greg Stewart - PP : Sidney Crosby, Frans Nielsen - PK : Alexander Frolov
Extra Defensemen
Normal : Luke Schenn, Raphael Diaz, Shaone Morrisonn - PP : Luke Schenn - PK : Mark Stuart, Luke Schenn
Penalty Shots
Sidney Crosby, Frans Nielsen, Greg Stewart, Alexander Frolov, Steve Downie
Scratches
Dustin Kohn (Healthy), Wes O'Neill (Healthy)
% Time on Ice - Sabres
Lines # - Real PCT - Wanted PCT - Time Play
Normal Forward
1 - 32% - 35% - 16:49
2 - 29% - 30% - 15:17
3 - 21% - 20% - 11:04
4 - 18% - 15% - 9:27
Normal Defense
1 - 44% - 45% - 22:57
2 - 32% - 32% - 16:43
3 - 24% - 23% - 12:35
4 - 1% - 0% - 0:22
PP Forward
1 - 46% - 50% - 1:01
2 - 54% - 50% - 1:12
PP Defense
1 - 50% - 50% - 1:07
2 - 50% - 50% - 1:06
PK Forward
1 - 61% - 55% - 2:26
2 - 39% - 45% - 1:32
PK Defense
1 - 56% - 55% - 2:13
2 - 44% - 45% - 1:45
PK3 Forward
1 - 0% - 60%
2 - 0% - 40%
PK3 Defense
1 - 0% - 60%
2 - 0% - 40%
44 Forward
1 - 0% - 50%
2 - 0% - 50%
44 Defense
1 - 0% - 50%
2 - 0% - 50%
Last Minute Offensive - 0:00
Last Minute Defensive - 1:12
Total
Forward - 60:00
Defense - 60:00
|
% Time on Ice - Canadiens
Lines # - Real PCT - Wanted PCT - Time Play
Normal Forward
1 - 35% - 40% - 18:29
2 - 25% - 30% - 12:59
3 - 22% - 20% - 11:25
4 - 18% - 10% - 9:41
Normal Defense
1 - 40% - 40% - 21:07
2 - 30% - 30% - 15:36
3 - 25% - 20% - 13:09
4 - 5% - 10% - 2:42
PP Forward
1 - 59% - 60% - 2:20
2 - 41% - 40% - 1:38
PP Defense
1 - 64% - 60% - 2:32
2 - 36% - 40% - 1:26
PK Forward
1 - 69% - 60% - 1:32
2 - 31% - 40% - 0:41
PK Defense
1 - 74% - 60% - 1:38
2 - 26% - 40% - 0:35
PK3 Forward
1 - 0% - 60%
2 - 0% - 40%
PK3 Defense
1 - 0% - 60%
2 - 0% - 40%
44 Forward
1 - 0% - 60%
2 - 0% - 40%
44 Defense
1 - 0% - 60%
2 - 0% - 40%
Last Minute Offensive - 1:15
Last Minute Defensive - 0:00
Total
Forward - 60:00
Defense - 60:00
|
Play-by-Play
1st period
0:01 of 1st period - Ryan O'Reilly wins face-off versus Sidney Crosby in neutral zone.
0:46 of 1st period - Jakub Kindl is hit by Dustin Boyd and loses puck.
1:35 of 1st period - Wrist shot by Sidney Crosby.
1:35 of 1st period - Shot Blocked by Michael Kostka.
1:37 of 1st period - Slapshot by Vitaly Vishnevsky.
1:37 of 1st period - Shot Misses the Net.
1:39 of 1st period - Slapshot by Mark Stuart.
1:39 of 1st period - Shot Misses the Net.
1:41 of 1st period - Slapshot by Vitaly Vishnevsky.
1:41 of 1st period - Shot Blocked by Mathew Dumba.
1:45 of 1st period - Wrist shot by Sidney Crosby.
1:45 of 1st period - Stopped by Jonas Hiller without a rebound.
1:46 of 1st period - Vincent Lecavalier wins face-off versus Frans Nielsen in Sabres zone.
1:53 of 1st period - Slapshot by Vincent Lecavalier.
1:53 of 1st period - Goal by Vincent Lecavalier - Sabres : 1 - Canadiens : 0.
1:54 of 1st period - Sidney Crosby wins face-off versus Vincent Lecavalier in neutral zone.
2:09 of 1st period - Snap shot by Sidney Crosby.
2:09 of 1st period - Goal by Sidney Crosby - Sabres : 1 - Canadiens : 1.
2:10 of 1st period - Ryan O'Reilly wins face-off versus Greg Stewart in neutral zone.
3:06 of 1st period - Off-side.
3:07 of 1st period - Frans Nielsen wins face-off versus Zack Kassian in neutral zone.
3:34 of 1st period - Vincent Lecavalier is hit by David Jones and loses puck.
3:41 of 1st period - Snap shot by Zach Bogosian.
3:41 of 1st period - Shot Misses the Net.
4:01 of 1st period - Michael Kostka is hit by Sidney Crosby and loses puck.
4:18 of 1st period - Minor Penalty to Luke Schenn for Roughing.
4:19 of 1st period - Dustin Boyd wins face-off versus Ryan O'Reilly in Canadiens zone.
4:27 of 1st period - Off-side.
4:28 of 1st period - Ryan O'Reilly wins face-off versus Dustin Boyd in neutral zone.
5:03 of 1st period - Slapshot by Zach Bogosian.
5:03 of 1st period - Stopped by Henrik Lundqvist without a rebound.
5:04 of 1st period - Dustin Boyd wins face-off versus Vincent Lecavalier in Canadiens zone.
6:03 of 1st period - Alexander Frolov is hit by Ryan O'Reilly and loses puck.
6:18 of 1st period - Penalty to Luke Schenn is over, Luke Schenn is back on ice.
6:29 of 1st period - Wrist shot by Brad Richardson.
6:29 of 1st period - Shot Misses the Net.
6:31 of 1st period - Wrist shot by Brad Richardson.
6:31 of 1st period - Stopped by Henrik Lundqvist with a rebound.
6:40 of 1st period - Icing by Raphael Diaz.
6:41 of 1st period - Marcel Goc wins face-off versus Brandon Sutter in Canadiens zone.
7:32 of 1st period - Snap shot by Sidney Crosby.
7:32 of 1st period - Shot Misses the Net.
7:38 of 1st period - Backhand shot by Zack Kassian.
7:38 of 1st period - Shot Misses the Net.
7:40 of 1st period - Snap shot by Zack Kassian.
7:40 of 1st period - Deflect By Mark Stuart.
7:40 of 1st period - Shot Blocked by Brett Maclean.
7:40 of 1st period - Puck is out of play.
7:41 of 1st period - Frans Nielsen wins face-off versus Ryan O'Reilly in Canadiens zone.
7:52 of 1st period - Slapshot by Evgeny Dadonov.
7:52 of 1st period - Stopped by Jonas Hiller without a rebound.
7:53 of 1st period - Ryan O'Reilly wins face-off versus Sidney Crosby in Sabres zone.
8:20 of 1st period - Zach Bogosian is hit by Frans Nielsen and loses puck.
8:43 of 1st period - Wrist shot by Enver Lisin.
8:43 of 1st period - Stopped by Jonas Hiller with a rebound.
8:49 of 1st period - Backhand shot by Brock Nelson.
8:49 of 1st period - Stopped by Jonas Hiller without a rebound.
8:50 of 1st period - Ryan O'Reilly wins face-off versus Sidney Crosby in Sabres zone.
9:17 of 1st period - Greg Stewart is hit by Jared Cowen and loses puck.
10:14 of 1st period - Raphael Diaz is hit by Darcy Hordichuk and loses puck.
11:20 of 1st period - Snap shot by Brad Richardson.
11:20 of 1st period - Stopped by Henrik Lundqvist with a rebound.
11:41 of 1st period - Snap shot by Michael Frolik.
11:41 of 1st period - Deflect By Ilya Kovalchuk.
11:41 of 1st period - Stopped by Henrik Lundqvist with a rebound.
12:27 of 1st period - Snap shot by Matt Martin.
12:27 of 1st period - Stopped by Henrik Lundqvist with a rebound.
12:37 of 1st period - Jakub Kindl is hit by Brett Maclean and loses puck.
12:45 of 1st period - Snap shot by Dustin Boyd.
12:45 of 1st period - Shot Blocked by Darcy Hordichuk.
12:47 of 1st period - Slapshot by Dustin Boyd.
12:47 of 1st period - Stopped by Jonas Hiller with a rebound.
13:01 of 1st period - Michael Frolik is hit by Steve Downie and loses puck.
13:08 of 1st period - Alexander Frolov is hit by Ilya Kovalchuk and loses puck.
13:37 of 1st period - Shaone Morrisonn is hit by Zach Bogosian and loses puck.
13:50 of 1st period - Frans Nielsen is hit by Jakub Kindl and loses puck.
14:33 of 1st period - Slapshot by Jared Cowen.
14:33 of 1st period - Shot Misses the Net.
15:11 of 1st period - Mark Stuart is hit by Michael Kostka and loses puck.
15:24 of 1st period - Dustin Boyd is hit by Andrei Loktionov and loses puck.
15:37 of 1st period - Steve Downie is hit by Mathew Dumba.
15:41 of 1st period - Mark Stuart is hit by Zach Bogosian and loses puck.
15:53 of 1st period - Off-side.
15:54 of 1st period - Vincent Lecavalier wins face-off versus Frans Nielsen in neutral zone.
15:56 of 1st period - Off-side.
15:57 of 1st period - Frans Nielsen wins face-off versus Vincent Lecavalier in neutral zone.
16:28 of 1st period - Snap shot by Evgeny Dadonov.
16:28 of 1st period - Stopped by Jonas Hiller with a rebound.
16:36 of 1st period - Snap shot by Evander Kane.
16:36 of 1st period - Stopped by Henrik Lundqvist without a rebound.
16:37 of 1st period - Sidney Crosby wins face-off versus Ryan O'Reilly in Canadiens zone.
16:42 of 1st period - Michael Frolik is hit by Raphael Diaz and loses puck.
17:23 of 1st period - Off-side.
17:24 of 1st period - Marcel Goc wins face-off versus Brandon Sutter in neutral zone.
17:48 of 1st period - Michael Kostka is hit by Enver Lisin and loses puck.
17:59 of 1st period - Wrist shot by Brandon Sutter.
17:59 of 1st period - Stopped by Henrik Lundqvist without a rebound.
18:00 of 1st period - Sidney Crosby wins face-off versus Ryan O'Reilly in Canadiens zone.
18:09 of 1st period - Backhand shot by Sidney Crosby.
18:09 of 1st period - Shot Misses the Net.
18:27 of 1st period - Zack Kassian is hit by Mark Stuart and loses puck.
18:54 of 1st period - Dustin Boyd is hit by Matt Martin and loses puck.
19:15 of 1st period - Wrist shot by Michael Frolik.
19:15 of 1st period - Shot Misses the Net.
19:21 of 1st period - Jared Cowen is hit by Raphael Diaz and loses puck.
19:26 of 1st period - Snap shot by Dustin Boyd.
19:26 of 1st period - Stopped by Jonas Hiller with a rebound.
19:28 of 1st period - Snap shot by Dustin Boyd.
19:28 of 1st period - Shot Misses the Net.
19:30 of 1st period - Slapshot by Raphael Diaz.
19:30 of 1st period - Shot Misses the Net.
19:32 of 1st period - Snap shot by Raphael Diaz.
19:32 of 1st period - Deflect By Michael Frolik.
19:32 of 1st period - Stopped by Jonas Hiller without a rebound.
19:33 of 1st period - Sidney Crosby wins face-off versus Vincent Lecavalier in Sabres zone.
19:44 of 1st period - Slapshot by Rob Scuderi.
19:44 of 1st period - Shot Blocked by Steve Downie.
Goals for this period are 1 for Sabres vs 1 for Canadiens.
Shots for this period are 8 for Sabres vs 9 for Canadiens.
2nd period
0:01 of 2nd period - Sidney Crosby wins face-off versus Ryan O'Reilly in neutral zone.
0:26 of 2nd period - Raphael Diaz is hit by Rob Scuderi and loses puck.
1:01 of 2nd period - Icing by Zach Bogosian.
1:02 of 2nd period - Andrei Loktionov wins face-off versus Sidney Crosby in Sabres zone.
1:09 of 2nd period - Wrist shot by Steve Downie.
1:09 of 2nd period - Goal by Steve Downie - Sabres : 1 - Canadiens : 2.
1:10 of 2nd period - Ryan O'Reilly wins face-off versus Sidney Crosby in neutral zone.
3:20 of 2nd period - Adam Pardy is hit by Matt Martin and loses puck.
3:31 of 2nd period - Wrist shot by Greg Stewart.
3:31 of 2nd period - Stopped by Jonas Hiller without a rebound.
3:32 of 2nd period - Sidney Crosby wins face-off versus Ryan O'Reilly in Sabres zone.
4:05 of 2nd period - Snap shot by Evander Kane.
4:05 of 2nd period - Goal by Evander Kane - Sabres : 2 - Canadiens : 2.
4:06 of 2nd period - Sidney Crosby wins face-off versus Michael Frolik in neutral zone.
4:37 of 2nd period - Evander Kane is hit by Vitaly Vishnevsky and loses puck.
5:12 of 2nd period - Brandon Sutter is hit by Brock Nelson and loses puck.
5:31 of 2nd period - Slapshot by Vitaly Vishnevsky.
5:31 of 2nd period - Stopped by Jonas Hiller with a rebound.
6:13 of 2nd period - Snap shot by Andrei Loktionov.
6:13 of 2nd period - Shot Misses the Net.
6:34 of 2nd period - Darcy Hordichuk is hit by Steve Downie.
7:02 of 2nd period - Wrist shot by Enver Lisin.
7:02 of 2nd period - Shot Blocked by Jared Cowen.
7:04 of 2nd period - Wrist shot by Luke Schenn.
7:04 of 2nd period - Stopped by Jonas Hiller with a rebound.
7:08 of 2nd period - Snap shot by Marcel Goc.
7:08 of 2nd period - Deflect By Brock Nelson.
7:08 of 2nd period - Shot Misses the Net.
7:08 of 2nd period - Puck is out of play.
7:09 of 2nd period - Frans Nielsen wins face-off versus Vincent Lecavalier in Sabres zone.
7:26 of 2nd period - Slapshot by Evgeny Dadonov.
7:26 of 2nd period - Shot Misses the Net.
7:32 of 2nd period - Zach Bogosian is hit by Greg Stewart and loses puck.
7:49 of 2nd period - Snap shot by Frans Nielsen.
7:49 of 2nd period - Deflect By Zach Bogosian.
7:49 of 2nd period - Shot Misses the Net.
7:49 of 2nd period - Puck is out of play.
7:50 of 2nd period - Sidney Crosby wins face-off versus Ryan O'Reilly in Sabres zone.
8:21 of 2nd period - Brett Maclean is hit by Andrei Loktionov and loses puck.
8:38 of 2nd period - Enver Lisin is hit by Mathew Dumba.
10:03 of 2nd period - Off-side.
10:04 of 2nd period - Marcel Goc wins face-off versus Brandon Sutter in neutral zone.
10:09 of 2nd period - Slapshot by Luke Schenn.
10:09 of 2nd period - Shot Blocked by Darren Reid.
10:11 of 2nd period - Wrist shot by Enver Lisin.
10:11 of 2nd period - Stopped by Jonas Hiller without a rebound.
10:12 of 2nd period - Ryan O'Reilly wins face-off versus Steve Downie in Sabres zone.
10:43 of 2nd period - Slapshot by Ilya Kovalchuk.
10:43 of 2nd period - Shot Blocked by Mark Stuart.
11:09 of 2nd period - Snap shot by Enver Lisin.
11:09 of 2nd period - Stopped by Jonas Hiller without a rebound.
11:10 of 2nd period - Ryan O'Reilly wins face-off versus Marcel Goc in Sabres zone.
11:30 of 2nd period - Icing by Enver Lisin.
11:31 of 2nd period - Vincent Lecavalier wins face-off versus Marcel Goc in Canadiens zone.
11:34 of 2nd period - Wrist shot by Zack Kassian.
11:34 of 2nd period - Stopped by Henrik Lundqvist with a rebound.
11:48 of 2nd period - Slapshot by Enver Lisin.
11:48 of 2nd period - Stopped by Jonas Hiller with a rebound.
11:50 of 2nd period - Snap shot by Luke Schenn.
11:50 of 2nd period - Stopped by Jonas Hiller with a rebound.
12:00 of 2nd period - Snap shot by Enver Lisin.
12:00 of 2nd period - Stopped by Jonas Hiller with a rebound.
12:16 of 2nd period - Wrist shot by Marcel Goc.
12:16 of 2nd period - Stopped by Jonas Hiller without a rebound.
12:17 of 2nd period - Sidney Crosby wins face-off versus Ryan O'Reilly in Sabres zone.
12:28 of 2nd period - Icing by Rob Scuderi.
12:29 of 2nd period - Sidney Crosby wins face-off versus Ryan O'Reilly in Sabres zone.
12:30 of 2nd period - Snap shot by Alexander Frolov.
12:30 of 2nd period - Stopped by Jonas Hiller without a rebound.
12:31 of 2nd period - Ryan O'Reilly wins face-off versus Sidney Crosby in Sabres zone.
12:37 of 2nd period - Off-side.
12:38 of 2nd period - Sidney Crosby wins face-off versus Ryan O'Reilly in neutral zone.
12:43 of 2nd period - Wrist shot by Sidney Crosby.
12:43 of 2nd period - Shot Misses the Net.
12:55 of 2nd period - Wrist shot by Ryan O'Reilly.
12:55 of 2nd period - Stopped by Henrik Lundqvist without a rebound.
12:56 of 2nd period - Vincent Lecavalier wins face-off versus Frans Nielsen in Canadiens zone.
12:57 of 2nd period - Slapshot by Evander Kane.
12:57 of 2nd period - Shot Misses the Net.
12:59 of 2nd period - Backhand shot by Vincent Lecavalier.
12:59 of 2nd period - Deflect By Evander Kane.
12:59 of 2nd period - Stopped by Henrik Lundqvist without a rebound.
13:00 of 2nd period - Frans Nielsen wins face-off versus Vincent Lecavalier in Canadiens zone.
13:11 of 2nd period - Snap shot by Vincent Lecavalier.
13:11 of 2nd period - Shot Misses the Net.
13:13 of 2nd period - Slapshot by Zach Bogosian.
13:13 of 2nd period - Shot Misses the Net.
13:15 of 2nd period - Backhand shot by Rob Scuderi.
13:15 of 2nd period - Stopped by Henrik Lundqvist with a rebound.
13:25 of 2nd period - Slapshot by Ryan O'Reilly.
13:25 of 2nd period - Shot Blocked by Raphael Diaz.
13:27 of 2nd period - Snap shot by Ilya Kovalchuk.
13:27 of 2nd period - Shot Blocked by Luke Schenn.
13:29 of 2nd period - Wrist shot by Michael Frolik.
13:29 of 2nd period - Stopped by Henrik Lundqvist without a rebound.
13:30 of 2nd period - Ryan O'Reilly wins face-off versus Sidney Crosby in Canadiens zone.
14:09 of 2nd period - Minor Penalty to Michael Kostka for Slashing.
14:10 of 2nd period - Brandon Sutter wins face-off versus Frans Nielsen in Sabres zone.
16:09 of 2nd period - Penalty to Michael Kostka is over, Michael Kostka is back on ice.
16:12 of 2nd period - Off-side.
16:13 of 2nd period - Dustin Boyd wins face-off versus Brad Richardson in neutral zone.
16:28 of 2nd period - Brad Richardson is hit by David Jones and loses puck.
16:39 of 2nd period - Wrist shot by Enver Lisin.
16:39 of 2nd period - Shot Blocked by Rob Scuderi.
17:05 of 2nd period - Slapshot by Alexander Frolov.
17:05 of 2nd period - Stopped by Jonas Hiller without a rebound.
17:06 of 2nd period - Michael Frolik wins face-off versus Sidney Crosby in Sabres zone.
17:06 of 2nd period - Michael Frolik is hit by Alexander Frolov.
17:29 of 2nd period - Minor Penalty to Vitaly Vishnevsky for Hooking.
17:30 of 2nd period - Vincent Lecavalier wins face-off versus Dustin Boyd in Canadiens zone.
17:43 of 2nd period - Snap shot by Evander Kane.
17:43 of 2nd period - Goal by Evander Kane - Sabres : 3 - Canadiens : 2.
17:44 of 2nd period - Sidney Crosby wins face-off versus Vincent Lecavalier in neutral zone.
17:53 of 2nd period - Snap shot by Sidney Crosby.
17:53 of 2nd period - Stopped by Jonas Hiller without a rebound.
17:54 of 2nd period - Steve Downie wins face-off versus Vincent Lecavalier in Sabres zone.
19:06 of 2nd period - Snap shot by Sidney Crosby.
19:06 of 2nd period - Stopped by Jonas Hiller with a rebound.
19:12 of 2nd period - Snap shot by Alexander Frolov.
19:12 of 2nd period - Shot Misses the Net.
19:14 of 2nd period - Slapshot by Raphael Diaz.
19:14 of 2nd period - Shot Misses the Net.
19:58 of 2nd period - Snap shot by Sidney Crosby.
19:58 of 2nd period - Shot Misses the Net.
Goals for this period are 2 for Sabres vs 1 for Canadiens.
Shots for this period are 7 for Sabres vs 14 for Canadiens.
3rd period
0:01 of 3rd period - Frans Nielsen wins face-off versus Ryan O'Reilly in neutral zone.
0:13 of 3rd period - Icing by Jakub Kindl.
0:14 of 3rd period - Ryan O'Reilly wins face-off versus Frans Nielsen in Sabres zone.
0:43 of 3rd period - Wrist shot by Michael Frolik.
0:43 of 3rd period - Shot Misses the Net.
0:45 of 3rd period - Slapshot by Jared Cowen.
0:45 of 3rd period - Stopped by Henrik Lundqvist with a rebound.
0:47 of 3rd period - Snap shot by Michael Frolik.
0:47 of 3rd period - Stopped by Henrik Lundqvist with a rebound.
0:49 of 3rd period - Slapshot by Jared Cowen.
0:49 of 3rd period - Deflect By Alexander Frolov.
0:49 of 3rd period - Stopped by Henrik Lundqvist without a rebound.
0:50 of 3rd period - Frans Nielsen wins face-off versus Andrei Loktionov in Canadiens zone.
0:59 of 3rd period - Snap shot by Greg Stewart.
0:59 of 3rd period - Shot Blocked by Matt Martin.
1:01 of 3rd period - Slapshot by Greg Stewart.
1:01 of 3rd period - Shot Misses the Net.
1:03 of 3rd period - Wrist shot by Greg Stewart.
1:03 of 3rd period - Shot Blocked by Mathew Dumba.
1:05 of 3rd period - Slapshot by Greg Stewart.
1:05 of 3rd period - Shot Blocked by Michael Kostka.
1:07 of 3rd period - Snap shot by Greg Stewart.
1:07 of 3rd period - Shot Blocked by Michael Kostka.
1:13 of 3rd period - Minor Penalty to Brad Richardson for High sticking.
1:14 of 3rd period - Sidney Crosby wins face-off versus Brandon Sutter in Sabres zone.
1:29 of 3rd period - Snap shot by Sidney Crosby.
1:29 of 3rd period - Stopped by Jonas Hiller without a rebound.
1:30 of 3rd period - Sidney Crosby wins face-off versus Brandon Sutter in Sabres zone.
3:00 of 3rd period - Icing by Luke Schenn.
3:01 of 3rd period - Vincent Lecavalier wins face-off versus Sidney Crosby in Canadiens zone.
3:13 of 3rd period - Penalty to Brad Richardson is over, Brad Richardson is back on ice.
3:34 of 3rd period - Wrist shot by Vincent Lecavalier.
3:34 of 3rd period - Goal by Vincent Lecavalier - Sabres : 4 - Canadiens : 2.
3:35 of 3rd period - Andrei Loktionov wins face-off versus Dustin Boyd in neutral zone.
4:02 of 3rd period - Vitaly Vishnevsky is hit by Michael Frolik and loses puck.
4:52 of 3rd period - Adam Pardy is hit by Zack Kassian and loses puck.
5:15 of 3rd period - Shaone Morrisonn is hit by Matt Martin and loses puck.
5:44 of 3rd period - Michael Kostka is hit by Shaone Morrisonn and loses puck.
6:19 of 3rd period - Snap shot by Vincent Lecavalier.
6:19 of 3rd period - Shot Blocked by Raphael Diaz.
6:35 of 3rd period - Steve Downie is hit by Brad Richardson and loses puck.
6:42 of 3rd period - Wrist shot by Andrei Loktionov.
6:42 of 3rd period - Stopped by Henrik Lundqvist without a rebound.
6:43 of 3rd period - Ilya Kovalchuk wins face-off versus Frans Nielsen in Canadiens zone.
6:48 of 3rd period - Wrist shot by Ilya Kovalchuk.
6:48 of 3rd period - Shot Misses the Net.
7:13 of 3rd period - Icing by Darcy Hordichuk.
7:14 of 3rd period - Brandon Sutter wins face-off versus Dustin Boyd in Sabres zone.
7:21 of 3rd period - Adam Pardy is hit by Rob Scuderi and loses puck.
7:51 of 3rd period - Wrist shot by Ilya Kovalchuk.
7:51 of 3rd period - Stopped by Henrik Lundqvist without a rebound.
7:52 of 3rd period - Andrei Loktionov wins face-off versus Frans Nielsen in Canadiens zone.
8:18 of 3rd period - Sidney Crosby is hit by Ryan O'Reilly and loses puck.
8:28 of 3rd period - Slapshot by Sidney Crosby.
8:28 of 3rd period - Stopped by Jonas Hiller with a rebound.
9:02 of 3rd period - Slapshot by Jared Cowen.
9:02 of 3rd period - Shot Misses the Net.
10:24 of 3rd period - Rob Scuderi is hit by Marcel Goc.
10:32 of 3rd period - Slapshot by Ryan O'Reilly.
10:32 of 3rd period - Shot Misses the Net.
10:48 of 3rd period - Snap shot by Brock Nelson.
10:48 of 3rd period - Shot Hit the Post.
10:50 of 3rd period - Slapshot by Luke Schenn.
10:50 of 3rd period - Goal by Luke Schenn - Sabres : 4 - Canadiens : 3.
10:51 of 3rd period - Sidney Crosby wins face-off versus Vincent Lecavalier in neutral zone.
12:32 of 3rd period - Snap shot by Steve Downie.
12:32 of 3rd period - Stopped by Jonas Hiller without a rebound.
12:33 of 3rd period - Ryan O'Reilly wins face-off versus Alexander Frolov in Sabres zone.
13:33 of 3rd period - Slapshot by Brandon Sutter.
13:33 of 3rd period - Shot Misses the Net.
13:39 of 3rd period - Darcy Hordichuk is hit by Dustin Boyd and loses puck.
13:57 of 3rd period - Off-side.
13:58 of 3rd period - Ryan O'Reilly wins face-off versus Sidney Crosby in neutral zone.
14:47 of 3rd period - Snap shot by Darren Reid.
14:47 of 3rd period - Shot Hit the Post.
14:49 of 3rd period - Wrist shot by Darcy Hordichuk.
14:49 of 3rd period - Stopped by Henrik Lundqvist with a rebound.
15:07 of 3rd period - Icing by Brad Richardson.
15:08 of 3rd period - Andrei Loktionov wins face-off versus Marcel Goc in Sabres zone.
15:28 of 3rd period - Snap shot by Enver Lisin.
15:28 of 3rd period - Stopped by Jonas Hiller with a rebound.
15:39 of 3rd period - Snap shot by Enver Lisin.
15:39 of 3rd period - Stopped by Jonas Hiller with a rebound.
15:52 of 3rd period - Off-side.
15:53 of 3rd period - Dustin Boyd wins face-off versus Brandon Sutter in neutral zone.
15:56 of 3rd period - Slapshot by Adam Pardy.
15:56 of 3rd period - Shot Blocked by Darren Reid.
15:58 of 3rd period - Snap shot by Brett Maclean.
15:58 of 3rd period - Stopped by Jonas Hiller with a rebound.
16:00 of 3rd period - Slapshot by Brett Maclean.
16:00 of 3rd period - Stopped by Jonas Hiller with a rebound.
16:02 of 3rd period - Slapshot by Brett Maclean.
16:02 of 3rd period - Stopped by Jonas Hiller without a rebound.
16:03 of 3rd period - Dustin Boyd wins face-off versus Darcy Hordichuk in Sabres zone.
16:04 of 3rd period - Wrist shot by Brett Maclean.
16:04 of 3rd period - Shot Blocked by Darren Reid.
16:06 of 3rd period - Slapshot by Brett Maclean.
16:06 of 3rd period - Shot Blocked by Michael Kostka.
16:08 of 3rd period - Snap shot by Adam Pardy.
16:08 of 3rd period - Stopped by Jonas Hiller with a rebound.
16:10 of 3rd period - Slapshot by Shaone Morrisonn.
16:10 of 3rd period - Shot Hit the Post.
16:12 of 3rd period - Slapshot by Adam Pardy.
16:12 of 3rd period - Shot Blocked by Michael Kostka.
16:46 of 3rd period - Wrist shot by Dustin Boyd.
16:46 of 3rd period - Stopped by Jonas Hiller with a rebound.
16:52 of 3rd period - Wrist shot by Dustin Boyd.
16:52 of 3rd period - Shot Blocked by Michael Kostka.
16:54 of 3rd period - Backhand shot by Shaone Morrisonn.
16:54 of 3rd period - Deflect By Brandon Sutter.
16:54 of 3rd period - Stopped by Jonas Hiller with a rebound.
17:10 of 3rd period - Slapshot by Dustin Boyd.
17:10 of 3rd period - Shot Blocked by Darren Reid.
17:12 of 3rd period - Wrist shot by Brett Maclean.
17:12 of 3rd period - Shot Misses the Net.
17:22 of 3rd period - Snap shot by Darcy Hordichuk.
17:22 of 3rd period - Stopped by Henrik Lundqvist without a rebound.
17:23 of 3rd period - Sidney Crosby wins face-off versus Andrei Loktionov in Canadiens zone.
17:28 of 3rd period - Slapshot by Andrei Loktionov.
17:28 of 3rd period - Stopped by Henrik Lundqvist with a rebound.
17:30 of 3rd period - Snap shot by Brad Richardson.
17:30 of 3rd period - Deflect By Matt Martin.
17:30 of 3rd period - Shot Misses the Net.
17:30 of 3rd period - Puck is out of play.
17:31 of 3rd period - Sidney Crosby wins face-off versus Andrei Loktionov in Canadiens zone.
19:08 of 3rd period - Wrist shot by Brandon Sutter.
19:08 of 3rd period - Stopped by Henrik Lundqvist without a rebound.
19:09 of 3rd period - Guy Carbonneau call a timeout for Canadiens.
19:09 of 3rd period - Sidney Crosby wins face-off versus Brandon Sutter in Canadiens zone.
19:42 of 3rd period - Steve Downie is hit by Mathew Dumba and loses puck.
Goals for this period are 1 for Sabres vs 1 for Canadiens.
Shots for this period are 10 for Sabres vs 12 for Canadiens.
Back to the Top